 Dungeon Crawl Stone Soup version 0.31-a0-986-g5e6e4ef867 (webtiles) character file.

Game seed: 8897704729350879584

146 avis the Caller (level 5, 0/21 HPs)
             Began as a Felid Summoner on Nov 12, 2023.
             Shot with an arrow by a centaur (9 damage)
             ... on level 3 of the Dungeon on Nov 13, 2023.
             The game lasted 00:17:59 (2548 turns).

avis the Caller (Felid Summoner)                    Turns: 2548, Time: 00:17:59

Health: 0/21       AC:  1    Str:  4    XL:     5   Next: 7%
Magic:  7/11       EV: 18    Int: 18    God:
Gold:   131        SH:  0    Dex: 17    Spells: 2/11 levels left
                                        Lives:  0   Deaths: 2

rFire   . . .        (weapon unavailable)
rCold   . . .        (shield unavailable)
rNeg    . . .        (body armour unavailable)
rPois   .            (helmet unavailable)
rElec   .            (cloak unavailable)
rCorr   .            (gloves unavailable)
SInv    +            (boots unavailable)
Will    .....        (no amulet)
Stlth   ++           (no ring)
HPRegen 0.23/turn    (no ring)
MPRegen 0.12/turn

%: no passive effects
@: quick
A: very small, claws 1, fangs 3, see invisible, speed 1, shaggy fur 1, stealthy
paws, no weapons or thrown items, no armour, multi-lived
a: no special abilities


You were on level 3 of the Dungeon.
You visited 1 branch of the dungeon, and saw 3 of its levels.

You collected 131 gold pieces.

Inventory:

Jewellery
 h - a ring of fire
Wands
 i - a wand of charming (12)
Scrolls
 e - a scroll of fear {unknown}
 f - 2 scrolls of identify {unknown}
 g - a scroll of teleportation {unknown}
 j - a scroll of enchant weapon {unknown}
 k - a scroll of revelation {unknown}
Potions
 a - a potion of magic
 b - a potion of haste {unknown}
 c - a potion of attraction {unknown}
 d - 2 potions of curing {unknown}
 l - a potion of might {unknown}


   Skills:
 + Level 0.7 Fighting
 + Level 3.0 Dodging
 - Level 2.6 Stealth
 * Level 3.9 Spellcasting
 + Level 1.1 Hexes
 + Level 4.8 Summonings


You had 2 spell levels left.
You knew the following spells:

 Your Spells              Type           Power      Damage    Failure   Level
a - Summon Small Mammal   Summ           80%        N/A       1%          1
c - Call Imp              Summ           40%        N/A       3%          2
d - Call Canine Familiar  Summ           20%        N/A       6%          3
g - Summon Guardian Gole  Hex/Summ       14%        N/A       13%         3

Your spell library contained the following spells:

 Spells                   Type           Power      Damage    Failure   Level
 Summon Lightning Spire   Summ/Air       12%        N/A       50%         4


Dungeon Overview and Level Annotations

Branches:
Dungeon (3/15)

Altars:

Shops:
D:1 (


Innate Abilities, Weirdness & Mutations

You have sharp claws.
You have razor-sharp teeth.
You have supernaturally acute eyesight. (SInv)
You cover ground quickly. (Speed+)
You are covered in fur. (AC +1)
Your paws help you pounce on unaware monsters.
You are incapable of wielding weapons or throwing items.
You cannot wear armour.
You gain extra lives every three experience levels.


Message History

Orders for allies: a - Attack new target. r - Retreat! s - Stop attacking. g - Guard the area. f - Follow me.
Anything else - Cancel.
Gang up on whom?
Press: ? - help, Dir - move target, f - centaur
Aim: a centaur (lightly wounded) Attack!
Your cerulean imp hits the centaur but does no damage.
The centaur wields a +0 orcbow.
The centaur shoots an arrow.
The arrow barely misses your cerulean imp.
The arrow misses your hound. The arrow hits you!
Ouch! That really hurt!
What are your orders? t - Meow!
Orders for allies: a - Attack new target. p - Attack previous target. r - Retreat! s - Stop attacking. g - Guard the area. f - Follow me.
Anything else - Cancel.
Gang up on whom?
Press: ? - help, Dir - move target, f/p - centaur
Aim: a centaur, wielding a +0 orcbow (lightly wounded, ally target) Attack!
The centaur shoots an arrow.
The arrow hits your cerulean imp.
Your cerulean imp dies!
Your cerulean imp disappears in a puff of smoke!
Your hound barely misses the centaur.
The centaur shoots an arrow.
The arrow hits your quokka.
Your quokka dies!
Your quokka's corpse disappears in a puff of smoke!
Casting: Summon Small Mammal (safe; 1% risk of failure)
Confirm with . or Enter, or press ? or * to list all spells.
Your hound disappears in a puff of smoke!
The centaur shoots an arrow.
The arrow barely misses you.
Casting: Call Canine Familiar (quite dangerous; 6% risk of failure)
Confirm with . or Enter, or press ? or * to list all spells.
A tiny devil pulls itself out of the air.
The centaur shoots an arrow.
The arrow hits your hound!
The centaur shoots an arrow.
The arrow misses your hound. The arrow misses your cerulean imp.
The arrow hits you!
You die...

# #.####(...####.####.#
#.#.............)...#.#
#.#......†.#####.##.#.#
#................##.#.#
#.####.#######.##h#c#
#.#<.#..?....r.†.<5.#
#....#.#######.######
#############..........
..............@5.h.c..#
...............#..#####
################..# .
.. ##


You could see a centaur (ally target), a friendly hound (summoned) and a
friendly cerulean imp (summoned).

Vanquished Creatures
  A goblin (D:2)
  2 quokkas (D:1)
  2 bats
5 creatures vanquished.

Vanquished Creatures (collateral kills)
  Jessica (D:2)
  Terence (D:3)
  Natasha (D:3)
  2 adders (D:2)
  A worm (D:3)
  2 dart slugs
  An endoplasm (D:2)
  A giant cockroach (D:1)
  6 hobgoblins
  2 jackals (D:2)
  2 quokkas (D:2)
  2 ball pythons (D:1)
  3 bats (D:1)
  3 frilled lizards
  2 goblins (D:1)
  5 kobolds
  7 rats
42 creatures vanquished.

Grand Total: 47 creatures vanquished

Notes
Turn   | Place    | Note
-------+----------+-------------------------------------------
     0 | D:1      | avis the Felid Summoner began the quest for the Orb.
     0 | D:1      | Reached XP level 1. HP: 7/7 MP: 4/4
   474 | D:1      | Reached XP level 2. HP: 11/11 MP: 3/6
   477 | D:1      | Learned a level 2 spell: Call Imp
   955 | D:1      | Found Geaweppy's Antique Weapon Shoppe.
  1187 | D:1      | Reached XP level 3. HP: 14/14 MP: 4/8
  1221 | D:1      | Learned a level 3 spell: Call Canine Familiar
  1992 | D:2      | Noticed Jessica
  1999 | D:2      | Killed Jessica
  2000 | D:2      | Reached XP level 4. HP: 18/18 MP: 2/10
  2012 | D:2      | Learned a level 3 spell: Summon Guardian Golem
  2297 | D:3      | Noticed Natasha
  2398 | D:3      | Killed Natasha
  2403 | D:3      | Noticed Terence
  2431 | D:3      | Killed Terence
  2432 | D:3      | Reached skill level 1 in Hexes
  2432 | D:3      | Reached XP level 5. HP: 20/21 MP: 1/11
  2511 | D:3      | Noticed a centaur
  2521 | D:3      | Shot with an arrow by a centaur
  2537 | D:3      | Shot with an arrow by a centaur
  2548 | D:3      | Shot with an arrow by a centaur

Illustrated notes

Levels and vault maps discovered:
D:1:      lemuel_arrival_tunnels, layout_basic, serial_shops,
          nicolae_shop_scrapyard
D:2:      layout_basic, uniq_jessica
D:3:      layout_basic, grunt_temple_overflow_open, uniq_crazy_yiuf_cottage,
          uniq_terence, uniq_sigmund, uniq_natasha

Skill      XL: |  1  2  3  4 |
---------------+-------------+-----
Spellcasting   | 3 |  3.9
Dodging        | 3 |  3.0
Hexes          | 1 |  1.1
Fighting       | |  0.7
Stealth        | |  2.6
Summonings     | |  4.8

Action                     |  1- 3 |  4- 6 || total
---------------------------+-------+-------++-------
  Melee: Unarmed           |    16 |       ||    16
         Bite              |     2 |       ||     2
   Cast: Summon Small Mamm |    28 |     5 ||    33
         Call Imp          |    19 |     7 ||    26
         Call Canine Famil |     7 |     8 ||    15
   Stab: Distracted        |     1 |       ||     1
         Sleeping          |     1 |       ||     1
 Armour: Skin              |     7 |     9 ||    16
  Dodge: Dodged            |    21 |     7 ||    28

Table legend: (Time is in decaauts)
 A = Elapsed time spent in this place.
 B = Non-inter-level travel time spent in this place.
 C = Inter-level travel time spent in this place.
 D = Time resting spent in this place.
 E = Time spent auto-exploring this place.
 F = Levels seen in this place.
 G = Mean time per level.
                   A        B        C        D        E       F      G
               +--------+--------+--------+--------+--------+-----+--------+
         Total |   2283 |   2116 |    167 |    547 |    965 |   3 |  761.0 |
       Dungeon |   2283 |   2116 |    167 |    547 |    965 |   3 |  761.0 |
               +--------+--------+--------+--------+--------+-----+--------+

Top non-repeatable levels by time:
     D:1: 1244 daAuts
     D:2: 862 daAuts
     D:3: 176 daAuts
